 Dungeon Crawl Stone Soup version 0.28-a0-674-gdaf460b524 (webtiles) character file.

Game seed: 14928484627634813658

73 avis the Chopper (level 4, -14/42 HPs)
             Began as a Hill Orc Monk on Oct 17, 2021.
             Demolished by an ogre (18 damage)
             ... on level 3 of the Dungeon.
             The game lasted 00:08:41 (3093 turns).

avis the Chopper (Hill Orc Monk)                    Turns: 3093, Time: 00:08:42

Health: -14/42     AC:  2    Str: 14    XL:     4   Next: 27%
Magic:  4/4        EV:  7    Int: 10    God:
Gold:   80         SH: 10    Dex: 13    Spells: 3/3 levels left

rFire   . . .      SeeInvis .   a - +0 hand axe
rCold   . . .      Faith    .   h - +0 tower shield
rNeg    . . .      Spirit   .   b - +0 robe
rPois   .          Reflect  .   (no helmet)
rElec   .          Harm     .   (no cloak)
rCorr   .          Rampage  .   (no gloves)
Will    .....                   (no boots)
Stlth   ++........              (no amulet)
HPRegen 0.14/turn               g - ring of flight
MPRegen 0.09/turn               (no ring)

@: flying
A: no striking features
a: no special abilities


You were on level 3 of the Dungeon.
You visited 1 branch of the dungeon, and saw 3 of its levels.

You collected 80 gold pieces.

Inventory:

Hand Weapons
 a - a +0 hand axe (weapon)
 e - a +1 dagger of speed
Missiles
 c - 31 stones (quivered)
 j - 28 bolts
 k - 9 arrows
Armour
 b - a +0 robe (worn)
 h - a +0 tower shield (worn)
Jewellery
 g - a ring of flight (left hand)
 i - a ring of magical power
Scrolls
 d - a scroll of teleportation {unknown}
Potions
 f - a potion of curing {unknown}


   Skills:
 - Level 5.0 Fighting
 * Level 5.4 Axes
 - Level 2.4 Dodging
 - Level 1.5 Stealth


You had 3 spell levels left.
You didn't know any spells.
Your spell library contained the following spells:

 Spells                   Type           Power      Damage    Failure   Level
 Sting                    Tmut/Pois      0%         1d3       100%        1
 Poisonous Vapours        Pois/Air       0%         N/A       100%        2
 Olgreb's Toxic Radiance  Pois           0%         N/A       100%        4


Dungeon Overview and Level Annotations

Branches:
Dungeon (3/15)

Altars:
Wu Jian


Message History

The endoplasm is moderately wounded.
The endoplasm hits you but does no damage.
You hit the endoplasm but do no damage.
The endoplasm is moderately wounded.
You block the endoplasm's attack. The endoplasm freezes you.
You are frozen.
You hit the endoplasm.
You kill the endoplasm!
You start resting.
HP restored.
Found 9 arrows.
A rat comes into view.
Found a thin glowing staff.
A kobold and an ogre come into view.
You see here 9 arrows.
k - 9 arrows The kobold shouts!
The ogre shouts!
The kobold throws a stone.
The stone hits you.
Throw: 33 stones
Press: ? - help, Q - select action Shift-Dir - straight line, f - ogre
Aim: an ogre, wielding a +0 giant club (74% to hit)
You throw a stone. The stone hits the ogre.
The ogre is lightly wounded.
Throw: 32 stones
Press: ? - help, Q - select action Shift-Dir - straight line, f/p - ogre
Aim: an ogre, wielding a +0 giant club (lightly wounded, 72% to hit)
You throw a stone. The stone barely misses the ogre.
You barely miss the ogre.
The ogre is lightly wounded.
The ogre hits you with a +0 giant club!!
Ouch! That really hurt!
The ogre hits you with a +0 giant club!!
* * * LOW HITPOINT WARNING * * *
You see here a rat corpse.
The kobold throws a stone.
The stone hits you.
* * * LOW HITPOINT WARNING * * *
There is a stone staircase leading up here.
The ogre hits you with a +0 giant club!!
You die...

#.≈.. ##.#.#.#
§≈. #...#.# .##
##..#.# # ...
#..#.###.##
#.###K#.......
.##...........##
................
.##....O.>####.#
#.###@### #. ###
# #..# #..# #..#
##..#


You could see an ogre and a kobold.

Vanquished Creatures
  An adder (D:2)
  3 worms (D:2)
  3 dart slugs (D:1)
  3 ball pythons
  3 bats
  2 endoplasms
  3 giant cockroaches
  5 goblins
  6 hobgoblins
  A frilled lizard (D:1)
  8 kobolds
  8 rats
46 creatures vanquished.

Vanquished Creatures (others)
  A plant (D:1)
1 creature vanquished.

Grand Total: 47 creatures vanquished

Notes
Turn   | Place    | Note
-------+----------+-------------------------------------------
     0 | D:1      | avis the Hill Orc Monk began the quest for the Orb.
     0 | D:1      | Reached XP level 1. HP: 19/19 MP: 1/1
    48 | D:1      | Reached XP level 2. HP: 17/26 MP: 2/2
   343 | D:1      | Reached skill level 5 in Axes
   500 | D:1      | Found a faded altar of an unknown god.
   880 | D:1      | Reached XP level 3. HP: 33/33 MP: 3/3
  1825 | D:2      | Reached skill level 5 in Fighting
  2084 | D:2      | Reached XP level 4. HP: 11/42 MP: 4/4
  2800 | D:2      | Found an ornate altar of the Wu Jian Council.
  3056 | D:3      | Noticed an ogre
  3067 | D:3      | HP: 1/42 [ogre (20)]
  3093 | D:3      | Demolished by an ogre

Illustrated notes

Levels and vault maps discovered:
D:1:      tarquinn_simple_flora_water_f, layout_loops_ring,
          chequers_ecumenical_altar_simple_redux
D:2:      layout_basic, basic_altar
D:3:      layout_basic, gammafunk_temple_overflow_arena,
          nicolae_qazlal_general_emergency, uniq_sigmund

Skill      XL: |  1  2  3 |
---------------+----------+-----
Axes           | 5 |  5.4
Fighting       | 4 5 |  5.0
Dodging        | |  2.4
Stealth        | |  1.5

Action                   |  1- 3 |  4- 6 || total
-------------------------+-------+-------++-------
Melee: Hand axe          |   130 |    35 ||   165
Throw: Stone             |       |     2 ||     2
 Stab: Sleeping          |     5 |     2 ||     7
Armor: Robe              |    16 |     4 ||    20
Dodge: Dodged            |    62 |     8 ||    70
Block: Tower shield      |       |     4 ||     4

Table legend: (Time is in decaauts)
 A = Elapsed time spent in this place.
 B = Non-inter-level travel time spent in this place.
 C = Inter-level travel time spent in this place.
 D = Time resting spent in this place.
 E = Time spent auto-exploring this place.
 F = Levels seen in this place.
 G = Mean time per level.
                   A        B        C        D        E       F      G
               +--------+--------+--------+--------+--------+-----+--------+
         Total |   3115 |   2934 |    181 |   1531 |    879 |   3 | 1038.3 |
       Dungeon |   3115 |   2934 |    181 |   1531 |    879 |   3 | 1038.3 |
               +--------+--------+--------+--------+--------+-----+--------+

Top non-repeatable levels by time:
     D:2: 1525 daAuts
     D:1: 1447 daAuts
     D:3: 143 daAuts
